 Dungeon Crawl Stone Soup version 0.19-a0-1268-g6c5d9f8 (webtiles) character file.

1655 Ijustatesigmund the Sneak (level 9, -8/61 HPs)
             Began as an Octopode Assassin on Aug 29, 2016.
             Was an Initiate of Ru.
             Mangled by an orc warrior
             ... wielding a +0 mace
              (25 damage)
             ... on level 7 of the Dungeon.
             The game lasted 00:18:36 (5653 turns).

Ijustatesigmund the Sneak (Octopode Assassin)       Turns: 5653, Time: 00:18:37

Health: -8/61      AC:  1    Str: 10    XL:     9   Next: 0%
Magic:  8/8        EV: 17    Int: 13    God:    Ru [......]
Gold:   106        SH:  6    Dex: 22    Spells: 0 memorised, 8 levels left

rFire  . . .     SeeInvis .     a - +3 dagger (freeze)
rCold  . . .     Gourm    .     s - +0 buckler
rNeg   . . .     Faith    .     (helmet restricted)
rPois  .         Spirit   .     p - amulet of regeneration
rElec  .         Dismiss  .     n - +5 ring of dexterity
rCorr  .         Reflect  .     (no ring)
MR     .....     Harm     .     (no ring)
Stlth  +++++.....               (no ring)
                                (no ring)
                                (no ring)
                                (no ring)
                                (no ring)

@: no status effects
A: almost no armour, stealthy swim, amphibious, 8 rings, constrict 8, camouflage
1, low mp 1, gelatinous body 1
a: Renounce Religion


You were on level 7 of the Dungeon.
You worshipped Ru.
Ru was noncommittal.
You were hungry.

You visited 1 branch of the dungeon, and saw 7 of its levels.

You collected 172 gold pieces.
You spent 66 gold pieces at shops.

Inventory:

Hand Weapons
 a - a +3 dagger of freezing (weapon)
 b - a +0 blowgun
 y - a +0 vampiric dagger
Missiles
 c - 54 poisoned needles
 D - 8 tomahawks
 E - a throwing net (quivered)
Armour
 s - a +0 buckler (worn)
Jewellery
 h - an uncursed ring of ice
 n - a +5 ring of dexterity (left tentacle)
 p - an amulet of regeneration (around mantle)
 B - a +3 amulet of reflection
Scrolls
 e - a scroll of amnesia
 g - a scroll of enchant armour
 j - 8 scrolls of remove curse
 u - a scroll of enchant weapon
 v - a scroll of magic mapping
 w - a scroll of fog
 x - a scroll of immolation
 A - 2 scrolls of recharging
 C - 2 scrolls of identify
Potions
 d - a potion of might {unknown}
 i - 2 potions of curing
 k - 2 potions of magic
 l - a potion of flight
 o - 2 potions of lignification
 r - a potion of cancellation
Books
 t - a book of the Sky

   Spells                             Type                      Level
   a - Summon Lightning Spire         Summoning/Air                4
   b - Airstrike                      Air                          4
   c - Silence                        Hexes/Air                    5
   d - Deflect Missiles               Charms/Air                   6
   e - Conjure Ball Lightning         Conjuration/Air              6
   f - Tornado                        Air                          9
Comestibles
 f - 4 bread rations
 F - a beef jerky


   Skills:
 + Level 5.4 Fighting
 + Level 5.8 Short Blades
 - Level 4.4 Throwing
 - Level 4.8 Dodging
 - Level 6.6 Stealth
 - Level 4.0 Shields


You had 8 spell levels left.
You didn't know any spells.

Dungeon Overview and Level Annotations

Branches:
Dungeon (7/15)             Temple (0/1) D:6

Altars:
Cheibriados
Kikubaaqudgha
Ru
The Shining One

Shops:
D:6 !

Annotations:
D:5 Grinder


Innate Abilities, Weirdness & Mutations

You cannot wear most types of armour.
You are very stealthy in the water.
You are amphibious.
You can wear up to eight rings at the same time.
You can use your tentacles to constrict eight enemies at once.
Your skin changes colour to match your surroundings (Stealth+).
Your magical capacity is low. (-10% MP)
Your rubbery body absorbs attacks. (AC +1, EV +1)


Message History

The orc priest is almost dead.
You constrict the orc priest.
You kill the orc priest!
You have reached level 9!
Your experience leads to an increase in your attributes!
Your base attributes are Str 10, Int 13, Dex 16.
Increase (S)trength, (I)ntelligence, or (D)exterity?
You feel agile.
You hit the orc warrior. You freeze the orc warrior. You grab the orc warrior.
You squeeze the orc warrior.
The orc warrior is almost dead.
You constrict the orc warrior, but do no damage.
The orc warrior hits you with a mace!!
* * * LOW HITPOINT WARNING * * *
You hit the orc warrior but do no damage.
Your squeeze misses the orc warrior.
The orc warrior is almost dead.
You constrict the orc warrior, but do no damage.
The orc warrior hits you with a mace!!
You die...

#...................
#.........##......##
#.........###....###
#........(# ###..... #
#.........# ##.###
#.#......(..######....
#.#.....(.............
#######
#....).(......####....
##.....##
###..@o.....#..###.##.
#.###...##
#.........##..##..#.
..'_#....#
##.......####.###.#.
..###....#
##.....#.........#.
.........#
#######..#....###....
.........# #..#
#..#...........
.)).ro...## #..#
#..#.....##.#..
#...<.....# ##.##
#........##.##.
..........##
#..###.#.....###.##.


You could see an orc warrior.

Vanquished Creatures
  An ice beast (D:6)
  A sky beast (D:5)
  3 ogres
  A giant frog (D:7)
  A water moccasin skeleton (D:4)
  3 scorpions
  4 howler monkeys
  A centaur zombie (D:5)
  A giant frog zombie (D:7)
  A jelly (D:5)
  A crimson imp (D:6)
  2 orc priests
  2 orc wizards
  2 hounds (D:6)
  A gnoll shaman (D:5)
  Jessica (D:2)
  3 giant frog skeletons
  2 iguanas
  3 worker ants (D:4)
  A hound zombie (D:5)
  2 howler monkey skeletons (D:4)
  3 adders
  5 gnolls
  An ooze (D:1)
  An adder skeleton (D:4)
  4 worms
  2 dart slugs
  5 giant geckos
  13 orcs
  5 giant cockroaches
  12 goblins
  6 hobgoblins
  19 jackals
  2 quokkas
  5 bats
  2 giant gecko skeletons
  11 giant newts
  6 kobolds
  9 rats
148 creatures vanquished.

Notes
Turn   | Place    | Note
-------+----------+-------------------------------------------
     0 | D:1      | Ijustatesigmund the Octopode Assassin began the quest for the Orb.
     0 | D:1      | Reached XP level 1. HP: 14/14 MP: 1/1
    67 | D:1      | Reached XP level 2. HP: 13/19 MP: 2/2
   226 | D:1      | Reached skill level 6 in Stealth
   255 | D:1      | Reached XP level 3. HP: 19/24 MP: 3/3
   944 | D:2      | Reached XP level 4. HP: 29/29 MP: 4/4
  1100 | D:2      | Noticed Jessica
  1104 | D:2      | Killed Jessica
  1604 | D:3      | Reached XP level 5. HP: 31/35 MP: 5/5
  2553 | D:4      | Reached XP level 6. HP: 37/41 MP: 6/6
  2599 | D:5      | Entered Level 5 of the Dungeon
  2627 | D:4      | Reached XP level 7. HP: 46/46 MP: 7/7
  3191 | D:5      | Reached skill level 1 in Shields
  3298 | D:5      | Found a sacrificial altar of Ru.
  3311 | D:5      | Became a worshipper of Ru the Awakened
  3466 | D:5      | Noticed Grinder
  3486 | D:5      | Paralysed by Grinder for 4 turns
  3638 | D:6      | Found a staircase to the Ecumenical Temple.
  3744 | D:6      | Reached XP level 8. HP: 54/54 MP: 8/8
  3767 | D:6      | Found Popnoer's Distillery.
  3787 | D:6      | Bought 2 potions of curing for 66 gold pieces
  3993 | D:7      | Found a glowing golden altar of the Shining One.
  4327 | D:5      | Found an ancient bone altar of Kikubaaqudgha.
  4354 | D:5      | Reached skill level 5 in Short Blades
  4951 | D:5      | Reached skill level 5 in Fighting
  4968 | D:5      | Gained mutation: Your magical capacity is low. (-10% MP) [Ru sacrifice]
  5581 | D:7      | Found a snail-covered altar of Cheibriados.
  5651 | D:7      | Reached XP level 9. HP: 34/61 MP: 8/8
  5653 | D:7      | Mangled by an orc warrior

Vault maps used:
D:1:      evilmike_arrival_run_for_it
D:2:      moated_statue, uniq_jessica
D:3:      first_bread
D:5:      lemuel_zombie_altar_kikubaaqudgha,
          nicolae_ru_great_annihilating_truth, uniq_grinder
D:6:      serial_glass, glass_columns_a, glass_columns_a, glass_columns_c,
          glass_columns_a, serial_shops, nicolae_shop_statue_plus
D:7:      kennysheep_mini, kennysheep_little_box, serial_shops,
          nicolae_shop_temple_entry_statues_fountains

Skill      XL: |  1  2  3  4  5  6  7  8 |
---------------+-------------------------+-----
Stealth        | 6 |  6.6
Throwing       | 3 4 |  4.4
Short Blades   | 3 4 5 |  5.8
Dodging        | 2 3 4 |  4.8
Fighting       | 3 4 5 |  5.4
Shields        | 3 4 |  4.0

Action                   |  1- 3 |  4- 6 |  7- 9 || total
-------------------------+-------+-------+-------++-------
Melee: Dagger            |    53 |    83 |   202 ||   338
       Constrict         |    11 |    17 |    37 ||    65
       Tentacles         |     8 |    18 |    55 ||    81
 Fire: Blowgun           |     5 |    13 |    31 ||    49
Throw: Throwing net      |       |       |     2 ||     2
       Tomahawk          |       |       |     5 ||     5
Invok: Sacrifice Essence |       |       |     1 ||     1
  Use: Scroll            |       |    14 |     6 ||    20
       Potion            |       |       |     5 ||     5
 Stab: Sleeping          |    12 |    19 |    14 ||    45
       Distracted        |     1 |     1 |     4 ||     6
       Paralysed         |       |       |     1 ||     1
  Eat: Chunk             |       |     5 |     3 ||     8
       Fruit             |       |       |     2 ||     2
       Bread ration      |       |       |     2 ||     2
Armor: Skin              |     5 |     2 |    12 ||    19
Dodge: Dodged            |    17 |    31 |   101 ||   149
Block: Buckler           |       |       |    22 ||    22
